 Dungeon Crawl Stone Soup version 0.28.0-47-ge53b351184 (webtiles) character file.

Game seed: 16206689105338039424

193 acdeimund the Chopper (level 5, -15/47 HPs)
             Began as a Hill Orc Fighter on May 4, 2022.
             Killed from afar by Ijyb (28 damage)
             ... with a bolt of acid
             ... on level 3 of the Dungeon.
             The game lasted 00:09:10 (2631 turns).

acdeimund the Chopper (Hill Orc Fighter)            Turns: 2631, Time: 00:09:10

Health: -15/47     AC:  4    Str: 19    XL:     5   Next: 72%
Magic:  5/5        EV:  9    Int:  8    God:
Gold:   100        SH:  7    Dex: 12    Spells: 4/4 levels left

rFire   . . .      SeeInvis .   a - +0 war axe
rCold   . . .      Faith    .   l - +2 buckler
rNeg    . . .      Spirit   .   b - +0 scale mail
rPois   .          Reflect  .   (no helmet)
rElec   .          Harm     .   (no cloak)
rCorr   .          Rampage  .   j - +0 pair of gloves
Will    .....                   (no boots)
Stlth   ..........              (no amulet)
HPRegen 0.15/turn               (no ring)
MPRegen 0.09/turn               (no ring)

@: mighty, corroded
A: no striking features
a: no special abilities


You were on level 3 of the Dungeon.
You visited 1 branch of the dungeon, and saw 3 of its levels.

You collected 100 gold pieces.

Inventory:

Hand Weapons
 a - a +0 war axe (weapon)
 t - the +5 whip "Doinuxt" {vamp, Drain rPois rN+ Will++}
   (You took it off a hobgoblin on level 3 of the Dungeon)

   It occasionally heals its wielder for a portion of the damage dealt when it
   wounds a living foe.
   rPois:     It protects you from poison.
   rN:        It protects you from negative energy.
   Drain:     It drains your maximum health when unequipped.
   Will:      It greatly increases your willpower.
Missiles
 i - 3 poisoned darts
 k - 53 stones (quivered)
 r - 5 silver boomerangs
Armour
 b - a +0 scale mail (worn)
 c - a +0 buckler
 j - a +0 pair of gloves (worn)
 l - a +2 buckler (worn)
Wands
 q - a wand of paralysis (8)
Scrolls
 e - a scroll of torment {unknown}
 f - 6 scrolls of identify {unknown}
 p - a scroll of fog {unknown}
 s - a scroll of fear {unknown}
Potions
 g - a potion of brilliance {unknown}
 h - 2 potions of cancellation {unknown}
 m - a potion of berserk rage {unknown}
 n - a potion of flight {unknown}
 o - 3 potions of experience {unknown}
 u - a potion of mutation {unknown}


   Skills:
 + Level 4.6 Fighting
 * Level 5.2 Axes
 + Level 4.2 Armour
 + Level 4.2 Shields


You had 4 spell levels left.
You didn't know any spells.
Your spell library was empty.

Dungeon Overview and Level Annotations

Branches:
Dungeon (3/15)

Altars:

Shops:
D:3 (

Annotations:
D:3 Ijyb


Message History

Press: ? - help, Q - select action, (/) - cycle Shift-Dir - straight line, f - quokka
Aim: a quokka (wandering, hasn't noticed you, 48% to hit)
You throw a stone.
The stone hits the quokka but does no damage.
You closely miss the quokka. The quokka barely misses you.
You miss the quokka.
The quokka bites you but does no damage.
You block the quokka's attack.
You slash the quokka!
You kill the quokka!
k - 53 stones (gained 1)
There is a stone staircase leading down here.
Found Litiugo's Antique Weapon Shop.
As you open the door, it creaks loudly!
There is an open door here.
There is an entrance to Litiugo's Antique Weapon Shop here.
You open the door.
Ijyb the Twisted Goblin comes into view.
She is wielding a +0 dagger and carrying a wand of acid (7).
Ijyb shouts!
You completely miss Ijyb.
Ijyb zaps a wand.
The bolt of acid hits you!! The acid corrodes you!
You barely miss Ijyb. Ijyb hits you with a +0 dagger.
You hit Ijyb but do no damage. You block Ijyb's attack.
You hit Ijyb but do no damage. Ijyb hits you but does no damage.
Ijyb barely misses you.
You hit Ijyb.
Ijyb is lightly wounded.
Ijyb hits you with a +0 dagger.
You slash Ijyb!
Ijyb is heavily wounded.
Ijyb screams, "You nasty!
Big nasty!"
Ijyb zaps a wand.
The bolt of acid hits you!
* * * LOW HITPOINT WARNING * * *
You feel very mighty all of a sudden. Ijyb hits you but does no damage.
You barely miss Ijyb.
Ijyb is heavily wounded.
Ijyb zaps a wand.
The bolt of acid hits you!!
Ouch! That really hurt!
You die...

...#..>#######.#.# #
.............).#.#
#[.....#########.#
.......# #.#
##.....# #.#
.......# #.#
##.#...# #.#
.>..<..# #######g#
#.##.#.###....##@#
#.##.....>.#.###.###
#.####.#.###.'..∩..+
#.##...#...#####.###
...#.#####.# #.###
.#.†...#...# #+#..
...###.#.### .##
#........# ##
######.#.#


You could see Ijyb.

Vanquished Creatures
  Jessica (D:3)
  Terence (D:3)
  Robin (D:3)
  7 adders
  2 worms
  3 dart slugs
  5 endoplasms (D:3)
  3 giant cockroaches
  10 goblins
  6 hobgoblins
  4 quokkas
  6 ball pythons
  2 bats
  6 frilled lizards
  3 kobolds
  A rat (D:1)
61 creatures vanquished.

Notes
Turn   | Place    | Note
-------+----------+-------------------------------------------
     0 | D:1      | acdeimund the Hill Orc Fighter began the quest for the Orb.
     0 | D:1      | Reached XP level 1. HP: 19/19 MP: 1/1
    65 | D:1      | Reached skill level 3 in Axes
   113 | D:1      | Reached XP level 2. HP: 27/27 MP: 2/2
   550 | D:1      | Found a faded altar of an unknown god.
   741 | D:1      | Reached XP level 3. HP: 30/33 MP: 3/3
  1148 | D:2      | Reached skill level 4 in Axes
  1295 | D:2      | Reached XP level 4. HP: 40/40 MP: 4/4
  1800 | D:3      | Noticed Jessica
  1803 | D:3      | Killed Jessica
  1808 | D:3      | Reached XP level 5. HP: 41/47 MP: 5/5
  2134 | D:3      | Noticed a water moccasin
  2401 | D:3      | Noticed Terence
  2405 | D:3      | Killed Terence
  2406 | D:3      | Reached skill level 5 in Axes
  2524 | D:3      | Noticed Robin
  2531 | D:3      | Identified the +5 whip "Doinuxt" {vamp, Drain rPois rN+
                  | Will++}
  2534 | D:3      | Killed Robin
  2614 | D:3      | Found Litiugo's Antique Weapon Shop.
  2623 | D:3      | Noticed Ijyb
  2631 | D:3      | Killed from afar by Ijyb

Illustrated notes

Levels and vault maps discovered:
D:1:      dpeg_arrival_simpleton_b, layout_rooms,
          shapermc_ecumenical_altar_mp_vishouse
D:2:      layout_basic
D:3:      layout_loops_ring, serial_shops, nicolae_shop_hallway_plus,
          kennysheep_generic_room_9, uniq_robin, uniq_ijyb, uniq_terence,
          uniq_jessica

Skill      XL: |  1  2  3  4  5 |
---------------+----------------+-----
Axes           | 3 4 5 |  5.2
Fighting       | 4 |  4.6
Armour         | 4 |  4.2
Shields        | 4 |  4.2

Action                   |  1- 3 |  4- 6 || total
-------------------------+-------+-------++-------
Melee: War axe           |    89 |    98 ||   187
Throw: Stone             |       |     3 ||     3
  Use: Potion            |       |     1 ||     1
Armor: Scale mail        |    41 |    29 ||    70
Dodge: Dodged            |    40 |    32 ||    72
Block: Buckler           |    21 |    23 ||    44
